 Dungeon Crawl Stone Soup version 0.20-a0-1127-g1289703 (webtiles) character file.

67 Lexie the Firebug (level 4, 0/27 HPs)
             Began as an Octopode Fire Elementalist on May 18, 2017.
             Succumbed to an adder's poison
             ... on level 2 of the Dungeon.
             The game lasted 00:01:33 (1396 turns).

Lexie the Firebug (Octopode Fire Elementalist)      Turns: 1396, Time: 00:01:34

Health: 0/27       AC:  1    Str: 10    XL:     4   Next: 16%
Magic:  2/8        EV: 13    Int: 18    God:
Gold:   49         SH:  0    Dex: 12    Spells: 8/9 levels left

rFire    . . .     SeeInvis .   (no weapon)
rCold    . . .     Gourm    .   (no shield)
rNeg     . . .     Faith    .   (helmet restricted)
rPois    .         Spirit   .   (no amulet)
rElec    .         Reflect  .   h - +3 ring of strength
rCorr    .         Harm     .   (no ring)
MR       .....                  (no ring)
Stlth    +++.......             (no ring)
Regen    0.1/turn               (no ring)
MPRegen  0.2/turn               (no ring)
                                (no ring)
                                (no ring)

@: lethally poisoned (0 -> -5), very slightly contaminated
A: almost no armour, stealthy swim, amphibious, 8 rings, constrict 8, camouflage
1, gelatinous body 1
a: no special abilities


You were on level 2 of the Dungeon.
You were not hungry.

You visited 1 branch of the dungeon, and saw 2 of its levels.

You collected 49 gold pieces.

Inventory:

Jewellery
 h - a +3 ring of strength (left tentacle)
Scrolls
 e - a scroll of identify {unknown}
 f - a scroll of remove curse {unknown}
 g - a scroll of recharging {unknown}
Potions
 d - a potion of lignification {unknown}
Books
 a - a book of Flames

   Spells                             Type                      Level
   a - Flame Tongue                   Conjuration/Fire             1
   b - Throw Flame                    Conjuration/Fire             2
   c - Conjure Flame                  Conjuration/Fire             3
   d - Inner Flame                    Hexes/Fire                   3
   e - Sticky Flame                   Conjuration/Fire             4
   f - Fireball                       Conjuration/Fire             5
Comestibles
 b - a bread ration
 c - 3 chunks of flesh


   Skills:
 - Level 2.0 Dodging
 - Level 2.6 Stealth
 * Level 3.0 Spellcasting
 * Level 2.7 Conjurations
 + Level 3.1 Fire Magic


You had 8 spell levels left.
You knew the following spells:

 Your Spells              Type           Power        Failure   Level  Hunger
a - Flame Tongue          Conj/Fire      ##...        4%          1    None


Dungeon Overview and Level Annotations

Branches:
Dungeon (2/15)

Altars:


Innate Abilities, Weirdness & Mutations

You cannot wear most types of armour.
You are very stealthy in the water. (Stealth+)
You are amphibious.
You can wear up to eight rings at the same time.
You can use your tentacles to constrict eight enemies at once.
Your skin changes colour to match your surroundings (Stealth+).
Your rubbery body absorbs attacks. (AC +1, EV +1)


Message History

You don't have enough magic to cast that spell.
You are too injured to fight recklessly!
* * * LOW HITPOINT WARNING * * *
You feel sick.
There is an open door here.
* * * LOW HITPOINT WARNING * * *
You feel sick.
* * * LOW HITPOINT WARNING * * *
You feel sick.
* * * LOW HITPOINT WARNING * * *
You feel sick.
* * * LOW HITPOINT WARNING * * *
You feel sick.
* * * LOW HITPOINT WARNING * * *
You feel sick.
* * * LOW HITPOINT WARNING * * *
You feel sick.
* * * LOW HITPOINT WARNING * * *
You feel sick.
You die...

#.#....... .....## #........
...... #..... #....#
#############..###### #....#
.......##...(.......# #....#
.......##...........#####....#
.......##........รท.....##....####
.................................
.......##.......@.......#########
.......########.####..........#
......[# #.# #..........# ...)...#
#.. #..........# ...)...# ##
#..........# .......# ..
##w........# ######## ...
#[........# .... #.........# .....
#.........#


There were no monsters in sight!

Vanquished Creatures
  A gnoll (D:1)
  3 adders (D:2)
  2 worms (D:2)
  A dart slug (D:1)
  A leopard gecko (D:1)
  A giant cockroach (D:1)
  A goblin (D:1)
  3 hobgoblins
  A ball python (D:1)
  5 bats
  2 frilled lizards (D:1)
  2 kobolds
  2 rats (D:1)
25 creatures vanquished.

Notes
Turn   | Place    | Note
-------+----------+-------------------------------------------
     0 | D:1      | Lexie the Octopode Fire Elementalist began the quest for the Orb.
     0 | D:1      | Reached XP level 1. HP: 11/11 MP: 3/3
   190 | D:1      | Reached XP level 2. HP: 17/17 MP: 0/5
   805 | D:1      | Reached XP level 3. HP: 21/21 MP: 3/6
  1297 | D:2      | Reached XP level 4. HP: 27/27 MP: 3/8
  1394 | D:2      | HP: 1/27 [poisoned by an adder]
  1396 | D:2      | Succumbed to an adder's poison

Vault maps used:
D:1:      grunt_arrival_crossed_arrows, minivault_14, serial_bayou_crossing
D:2:      minmay_diamond_boxcup

Skill      XL: |  1  2  3  4 |
---------------+-------------+-----
Conjurations   | 2 |  2.7
Spellcasting   | 3 |  3.0
Dodging        | |  2.0
Stealth        | |  2.6
Fire Magic     | |  3.1

Action                   |  1- 3 |  4- 6 || total
-------------------------+-------+-------++-------
Melee: Unarmed           |     6 |       ||     6
       Constrict         |     2 |       ||     2
 Cast: Flame Tongue      |    39 |     8 ||    47
  Eat: Chunk             |     1 |     1 ||     2
Armor: Skin              |     3 |       ||     3
Dodge: Dodged            |    10 |     3 ||    13
